 Dungeon Crawl Stone Soup version 0.24-a0-458-gfcb5e6da0e (webtiles) character file.

Game seed: 15971745768222080528

2728 Ijustatesigmund the Fighter (level 9, -10/105 HPs)
             Began as an Ogre Artificer on June 26, 2019.
             Mangled by a white ugly thing (24 damage)
             ... on level 7 of the Dungeon.
             The game lasted 00:19:15 (6960 turns).

Ijustatesigmund the Fighter (Ogre Artificer)        Turns: 6960, Time: 00:19:16

Health: -10/105    AC: 12    Str: 21    XL:     9   Next: 67%
Magic:  10/10      EV: 17    Int: 12    God:
Gold:   81         SH:  0    Dex: 17    Spells: 8/8 levels left

rFire    . . .     SeeInvis .   r - +8 mace of Ser Ruut {drain, Str+3}
rCold    . . .     Gourm    .   (no shield)
rNeg     . . .     Faith    .   C - +2 troll leather armour
rPois    .         Spirit   .   (helmet restricted)
rElec    .         Reflect  .   q - +1 cloak
rCorr    .         Harm     .   (gloves unavailable)
MR       +....                  (boots unavailable)
Stlth    +++.......             i - amulet of the acrobat
HPRegen  0.67/turn              n - +3 ring of protection
MPRegen  0.12/turn              (no ring)

@: agile, studying Fighting
A: large, unfitting armour, blurry vision 1, magic resistance 1, tough skin 1
a: no special abilities


You were on level 7 of the Dungeon.
You were not hungry.

You visited 1 branch of the dungeon, and saw 7 of its levels.

You collected 486 gold pieces.
You spent 405 gold pieces at shops.

Inventory:

Hand Weapons
 a - a +1 flail of protection
 m - a +0 giant spiked club
 r - the +8 mace of Ser Ruut (weapon) {drain, Str+3}
   (You found it on level 6 of the Dungeon)

   A truly terrible weapon, it drains the life of those it strikes.
   It affects your strength (+3).
Missiles
 x - 2 throwing nets (quivered)
Armour
 b - a +2 robe of magic resistance
 j - a scarf of spirit shield
 q - a +1 cloak (worn)
 C - a +2 troll leather armour (worn)
Jewellery
 i - an amulet of the acrobat (around neck)
 n - a +3 ring of protection (left hand)
Wands
 c - a wand of flame (17)
 d - a wand of enslavement (6)
Scrolls
 h - 5 scrolls of teleportation
 p - a scroll of magic mapping
 s - 3 scrolls of enchant weapon
 u - a scroll of remove curse
 v - 4 scrolls of immolation
 A - a scroll of blinking {unknown}
 E - a scroll of identify
Potions
 e - a potion of lignification
 g - 2 potions of magic
 k - a potion of agility
 o - 3 potions of might
 t - a potion of cancellation
 w - a potion of brilliance
 z - a potion of ambrosia {unknown}
 B - a potion of haste {unknown}
Books
 y - a manual of Fighting
Comestibles
 f - 14 rations
 D - 2 chunks of flesh


   Skills:
 + Level 11.5 Fighting
   Level 0.8 Short Blades
 - Level 8.5 Maces & Flails
 + Level 4.0 Dodging
 - Level 0.6 Stealth
 - Level 2.4 Evocations


You had 8 spell levels left.
You didn't know any spells.
Your spell library was empty.

Dungeon Overview and Level Annotations

Branches:
Dungeon (7/15)             Temple (0/1) D:5

Altars:
Dithmenos
Elyvilon
Hepliaklqana
Kikubaaqudgha
Ru
Trog
Wu Jian
Xom

Shops:
D:7 [


Innate Abilities, Weirdness & Mutations

You are too large for most types of armour.
You have tough skin. (AC +1)
Scrolls take you a little longer to read.
You are resistant to hostile enchantments. (MR+)


Message History

The white ugly thing stings you. The white ugly thing freezes you!!
You hit the white ugly thing but do no damage.
The white ugly thing is heavily wounded.
You hit the white ugly thing. You drain the white ugly thing.
The white ugly thing is heavily wounded.
The white ugly thing stings you! The white ugly thing freezes you!
* * * LOW HITPOINT WARNING * * *
Really read with blurry vision while enemies are nearby? [Y]es or [N]o only, please.
Really read with blurry vision while enemies are nearby? [Y]es or [N]o only, please.
Really read with blurry vision while enemies are nearby?
Okay, then.
Really read with blurry vision while enemies are nearby?
Uppercase [Y]es or [N]o only, please.
Really read with blurry vision while enemies are nearby?
The white ugly thing stings you!
* * * LOW HITPOINT WARNING * * *
The white ugly thing freezes you!!
You die...

#.#......#
#.#.#.####
#...#.#
#####.#
#.# #.#
#.###
#...#
###@# #u#
#.# #.#
#.# #.#
#.. ##. .


You could see a white ugly thing.

Vanquished Creatures
  Joseph (D:7)
  Grinder (D:3)
  Edmund (D:4)
  An ice beast (D:5)
  A black bear (D:5)
  A phantom (D:5)
  4 centaurs
  5 ogres
  2 bullfrogs
  Blork the orc (D:4)
  2 scorpions
  2 crimson imps (D:6)
  A centaur zombie (D:6)
  5 orc wizards
  Crazy Yiuf (D:6)
  2 bullfrog skeletons
  A centaur skeleton (D:4)
  2 hounds
  Ijyb (D:3)
  An iguana (D:6)
  Natasha (D:3)
  A worker ant (D:5)
  2 hound skeletons (D:6)
  Robin (D:3)
  2 gnolls
  9 adders
  A shadow imp (D:6)
  An adder skeleton (D:5)
  3 worms (D:2)
  3 dart slugs
  3 leopard geckos
  12 orcs
  3 giant cockroaches
  15 goblins
  6 hobgoblins
  12 jackals
  3 kobolds (D:2)
  5 quokkas
  7 bats
  10 frilled lizards
  A jackal skeleton (D:4)
  7 rats
144 creatures vanquished.

Vanquished Creatures (collateral kills)
  A centaur skeleton (D:4)
  3 gnolls
  A goblin (D:3)
  A jackal (D:4)
  A frilled lizard (D:4)
7 creatures vanquished.

Vanquished Creatures (others)
  2 gnolls
  A dart slug (D:2)
  A hobgoblin (D:3)
4 creatures vanquished.

Grand Total: 155 creatures vanquished

Notes
Turn   | Place    | Note
-------+----------+-------------------------------------------
     0 | D:1      | Ijustatesigmund the Ogre Artificer began the quest for the
                  | Orb.
     0 | D:1      | Reached XP level 1. HP: 19/19 MP: 2/2
   130 | D:1      | Reached skill level 2 in Fighting
   142 | D:1      | Reached XP level 2. HP: 12/29 MP: 3/3
   482 | D:1      | Reached skill level 3 in Fighting
  1107 | D:2      | Reached skill level 4 in Fighting
  1107 | D:2      | Reached XP level 3. HP: 39/39 MP: 4/4
  1243 | D:2      | Found a shimmering altar of Xom.
  1246 | D:2      | Found a shimmering altar of Xom.
  1255 | D:2      | Found a shimmering altar of Xom.
  1256 | D:2      | Found a shimmering altar of Xom.
  1256 | D:2      | Found a shimmering altar of Xom.
  1256 | D:2      | Found a shimmering altar of Xom.
  1257 | D:2      | Found a shimmering altar of Xom.
  1387 | D:2      | Found a white marble altar of Elyvilon.
  1406 | D:2      | Reached skill level 5 in Fighting
  1406 | D:2      | Reached XP level 4. HP: 50/50 MP: 5/5
  1544 | D:2      | Found a faded altar of an unknown god.
  2287 | D:3      | Reached skill level 6 in Fighting
  2291 | D:3      | Reached XP level 5. HP: 47/59 MP: 6/6
  2458 | D:3      | Found a sacrificial altar of Ru.
  2561 | D:3      | Noticed Grinder
  2624 | D:3      | Paralysed by Grinder for 3 turns
  2796 | D:3      | Killed Grinder
  2796 | D:3      | Reached skill level 8 in Fighting
  2796 | D:3      | Reached XP level 6. HP: 71/74 MP: 7/7
  2881 | D:3      | Noticed Robin
  2972 | D:3      | Found an ancient bone altar of Kikubaaqudgha.
  2989 | D:3      | Killed Robin
  3004 | D:3      | Found a shadowy altar of Dithmenos.
  3004 | D:3      | Found a bloodstained altar of Trog.
  3005 | D:3      | Found an ornate altar of the Wu Jian Council.
  3413 | D:3      | Noticed Natasha
  3423 | D:3      | Killed Natasha
  3423 | D:3      | Reached skill level 9 in Fighting
  3550 | D:3      | Noticed Ijyb
  3566 | D:3      | Killed Ijyb
  3566 | D:3      | Reached XP level 7. HP: 83/83 MP: 8/8
  3748 | D:4      | Reached skill level 1 in Maces & Flails
  3757 | D:4      | Noticed Blork the orc
  3767 | D:4      | Killed Blork the orc
  3877 | D:4      | Noticed Edmund
  3963 | D:4      | Killed Edmund
  4391 | D:5      | Entered Level 5 of the Dungeon
  4553 | D:5      | Reached XP level 8. HP: 73/92 MP: 7/9
  4575 | D:5      | Reached skill level 5 in Maces & Flails
  4760 | D:5      | Found a staircase to the Ecumenical Temple.
  5398 | D:6      | Found a hazy altar of Hepliaklqana.
  5476 | D:6      | Gained mutation: You occasionally shout uncontrollably at
                  | your foes. [potion of mutation]
  5476 | D:6      | Gained mutation: You are clumsy. (Dex -2) [potion of
                  | mutation]
  5476 | D:6      | Lost mutation: You are clumsy. (Dex -2) [potion of
                  | mutation]
  5477 | D:6      | Lost mutation: You occasionally shout uncontrollably at
                  | your foes. [potion of mutation]
  5477 | D:6      | Gained mutation: Scrolls take you a little longer to read.
                  | [potion of mutation]
  5477 | D:6      | Gained mutation: You are resistant to hostile enchantments.
                  | (MR+) [potion of mutation]
  5590 | D:6      | Found a runed translucent door.
  5591 | D:6      | Noticed Crazy Yiuf
  5600 | D:6      | Killed Crazy Yiuf
  5620 | D:6      | Got an ancient mace
  5621 | D:6      | Identified the +8 mace of Ser Ruut {drain, Str+3} (You
                  | found it on level 6 of the Dungeon)
  5768 | D:6      | Reached XP level 9. HP: 98/98 MP: 10/10
  6046 | D:7      | Noticed Joseph
  6061 | D:7      | Killed Joseph
  6061 | D:7      | Reached skill level 10 in Fighting
  6074 | D:7      | Found Gofesej's Armour Emporium.
  6077 | D:7      | Bought a +2 troll leather armour for 405 gold pieces
  6608 | D:7      | Reached skill level 11 in Fighting
  6947 | D:7      | Noticed a white ugly thing
  6960 | D:7      | Mangled by a white ugly thing

Levels and vault maps discovered:
D:1:      onia_arrival_pentagram, layout_basic, hangedman_decor_clover_reticule,
          minmay_box_of_dots
D:2:      layout_loops_ring, elyvilon_altar_4, xom_redecorated,
          chequers_ecumenical_altar_grove, kennysheep_generic_room_12
D:3:      layout_rooms, nicolae_overflow_crystal_walls,
          chequers_temple_overflow_statue_of_worship, uniq_grinder,
          uniq_natasha, uniq_robin, uniq_ijyb
D:4:      layout_basic, first_ration, kennysheep_generic_room_16,
          uniq_blork_the_orc, uniq_edmund
D:5:      layout_rooms, minmay_temple_entry_butterflies
D:6:      layout_basic, marbit_many_paths, minmay_manual_mares,
          uniq_crazy_yiuf_cottage
D:7:      layout_basic, serial_shops, nicolae_shop_behind_doors, uniq_joseph

Skill      XL: |  1  2  3  4  5  6  7  8  9 |
---------------+----------------------------+-----
Fighting       | 2 4 5 6 8 9 11 | 11.5
Maces & Flails | 4 7 8 |  8.5
Dodging        | 4 |  4.0
Short Blades   | |  0.8
Stealth        | |  0.6
Evocations     | |  2.4

Action                   |  1- 3 |  4- 6 |  7- 9 || total
-------------------------+-------+-------+-------++-------
Melee: Short sword       |    76 |   191 |       ||   267
       Flail             |       |       |   173 ||   173
       Whip              |       |       |    60 ||    60
       Mace              |       |       |    66 ||    66
Evoke: Wand              |     8 |    21 |    11 ||    40
  Use: Scroll            |     6 |     2 |    13 ||    21
       Potion            |       |       |     5 ||     5
 Stab: Sleeping          |     2 |     1 |     2 ||     5
  Eat: Chunk             |     1 |     8 |     7 ||    16
       Ration            |       |       |     1 ||     1
Armor: Robe              |    21 |    87 |   158 ||   266
       Skin              |       |     6 |       ||     6
       Troll leather arm |       |       |     6 ||     6
Dodge: Dodged            |    41 |   120 |   187 ||   348

Table legend:
 A = Non-vault XP
 B = Vault XP
 C = Vault XP percentage of total XP
 D = Non-vault monster count
 E = Vault monster count
 F = Vault count percentage of total count
                 A         B        C        D         E       F
            +---------+---------+-------+---------+---------+-------
      Total |    2546 |    1352 |  34.7 |     130 |      21 |  13.9
            +---------+---------+-------+---------+---------+-------
        D:1 |      29 |       1 |   3.3 |      19 |       1 |   5.0
        D:2 |      92 |      20 |  17.9 |      24 |       3 |  11.1
        D:3 |     108 |     370 |  77.4 |      21 |      10 |  32.3
        D:4 |     184 |     228 |  55.3 |      20 |       3 |  13.0
        D:5 |     687 |       0 |   0.0 |      18 |       0 |   0.0
        D:6 |     762 |     267 |  25.9 |      14 |       3 |  17.6
        D:7 |     684 |     466 |  40.5 |      14 |       1 |   6.7
            +---------+---------+-------+---------+---------+-------
